 Dungeon Crawl Stone Soup version 0.25.1-2-g60ff931df9 (webtiles) character file.

Game seed: 12435915221488557294

14 Kusiyaki the Ducker (level 2, -3/14 HPs)
             Began as a Felid Berserker on Nov 14, 2020.
             Was a Follower of Trog.
             Killed from afar by a dart slug (5 damage)
             ... with a slug dart
             ... on level 2 of the Dungeon.
             The game lasted 00:01:20 (955 turns).

Kusiyaki the Ducker (Felid Berserker)                Turns: 955, Time: 00:01:20

Health: -3/14      AC:  1    Str: 13    XL:     2   Next: 31%
Magic:  3/3        EV: 19    Int:  8    God:    Trog [*.....]
Gold:   40         SH:  0    Dex: 15    Spells: 1/1 levels left
                                        Lives:  0   Deaths: 0

rFire    . . .     SeeInvis +     - Unarmed
rCold    . . .     Gourm    .   (shield unavailable)
rNeg     . . .     Faith    .   (armour unavailable)
rPois    .         Spirit   .   (helmet unavailable)
rElec    .         Reflect  .   (cloak unavailable)
rCorr    .         Harm     .   (gloves unavailable)
MR       .....                  (boots unavailable)
Stlth    ++........             (no amulet)
HPRegen  0.04/turn              (no ring)
MPRegen  0.08/turn              (no ring)

@: quick
A: very small, no armour, no weapons or thrown items, stealth, claws 1, fangs 3,
see invisible, carnivore, speed 1, shaggy fur 1, slow metabolism 1, sharp paws
a: Berserk, Renounce Religion


You were on level 2 of the Dungeon.
You worshipped Trog.
Trog was aware of your devotion.
You were completely stuffed.

You visited 1 branch of the dungeon, and saw 2 of its levels.

You collected 40 gold pieces.

Inventory:

Jewellery
 i - an uncursed ring of wizardry {unknown}
Scrolls
 b - 3 scrolls of identify {unknown}
 c - a scroll of enchant weapon {unknown}
 e - 2 scrolls of remove curse {unknown}
 g - a scroll of enchant armour {unknown}
 h - a scroll of teleportation {unknown}
Potions
 d - a potion of resistance {unknown}
 f - 2 potions of curing {unknown}
 j - a potion of berserk rage {unknown}
Comestibles
 a - 5 rations
 k - 2 chunks of flesh


   Skills:
 + Level 3.2 Fighting
 + Level 4.3 Dodging
 + Level 0.2 Stealth
 + Level 3.3 Unarmed Combat


You had one spell level left.
You didn't know any spells.
Your spell library was empty.

Dungeon Overview and Level Annotations

Branches:
Dungeon (1/15)

Altars:

Annotations:
D:2 Jessica


Innate Abilities, Weirdness & Mutations

You cannot wear armour.
You are incapable of wielding weapons or throwing items.
Your paws allow you to move quietly. (Stealth)
You have sharp claws.
You have razor-sharp teeth.
You have supernaturally acute eyesight. (SInv)
You are carnivorous and can eat meat at any time.
You cover ground quickly.
You are covered in fur. (AC +1)
You have a slow metabolism.
Your sharp claws are effective at attacking unaware monsters.


Message History

Found a bubbling white potion, a leather armour, a ration and a gold wand.
A worm comes into view.
The dart slug launches a dart at you. The slug dart hits you.
You scratch the dart slug.
You claw the dart slug, but do no damage.
The dart slug is severely wounded.
The dart slug launches a dart at you. The slug dart hits you!
Ouch! That really hurt!
* * * LOW HITPOINT WARNING * * *
An adder comes into view.
Found a stone staircase leading down.
Jessica the Apprentice Sorceress comes into view.
She is wielding a +0 club.
Found a scroll labeled ZUDAINTEA WINA.
Jessica mumbles some strange words.
Jessica blinks!
The dart slug launches a dart at you. The slug dart hits you.
You die...

#...# ..ยง..####
##....... ......@
#..#.## .?...#
#######@#..# #
#.......#..#.#
#@####.#.....####
#....w###.......S #
#.####.#...#..##. #.
#.##w........#.#
###..#....####........
..........## ##...###>
.##!.......####...#
#...............#
##.......#####..#


You could see a dart slug and Jessica.

Vanquished Creatures
  A leopard gecko (D:1)
  2 bats (D:1)
  A giant cockroach (D:1)
  2 goblins (D:1)
  2 jackals (D:1)
  A ball python (D:1)
  A frilled lizard (D:1)
  A kobold (D:1)
  2 rats (D:1)
13 creatures vanquished.

Notes
Turn   | Place    | Note
-------+----------+-------------------------------------------
     0 | D:1      | Kusiyaki the Felid Berserker began the quest for the Orb.
     0 | D:1      | Reached XP level 1. HP: 10/10 MP: 2/2
   488 | D:1      | Reached XP level 2. HP: 12/14 MP: 3/3
   934 | D:1      | You fall into a shaft and drop 1 floor!
   947 | D:2      | Noticed Jessica
   955 | D:2      | Killed from afar by a dart slug

Illustrated notes

Levels and vault maps discovered:
D:1:      dpeg_arrival_arbitrary_a, layout_loops_cross
D:2:      layout_loops_ring, first_ration, uniq_jessica, uniq_sigmund

Action                   || total
-------------------------++-------
Melee: Unarmed           ||    26
       Bite              ||     2
       Punch             ||     1
 Stab: Sleeping          ||     2
  Eat: Chunk             ||     7
Dodge: Dodged            ||    22
